 Dungeon Crawl Stone Soup version 0.28-a0-239-g68911e0c57 (webtiles) character file.

Game seed: 12341631683576304588

181 rabbitsville the Chopper (level 5, 0/48 HPs)
             Began as a Hill Orc Monk on Aug 23, 2021.
             Was a Believer of Beogh.
             Slain by a hound (5 damage)
             ... on level 6 of the Dungeon.
             The game lasted 00:10:17 (2373 turns).

rabbitsville the Chopper (Hill Orc Monk)            Turns: 2373, Time: 00:10:18

Health: 0/48       AC:  5    Str: 17    XL:     5   Next: 61%
Magic:  5/5        EV: 11    Int: 10    God:    Beogh [**....]
Gold:   142        SH:  0    Dex: 13    Spells: 4/4 levels left

rFire   . . .      SeeInvis .   a - +0 hand axe
rCold   . . .      Faith    .   (no shield)
rNeg    . . .      Spirit   .   e - +0 ring mail
rPois   .          Reflect  .   (no helmet)
rElec   .          Harm     .   (no cloak)
rCorr   .          Rampage  .   (no gloves)
Will    .....                   (no boots)
Stlth   +.........              (no amulet)
HPRegen 0.16/turn               (no ring)
MPRegen 0.09/turn               (no ring)

@: no status effects
A: strong 1
a: Renounce Religion, Smiting


You were on level 6 of the Dungeon.
You worshipped Beogh.
Beogh was pleased with you.
You visited 1 branch of the dungeon, and saw 4 of its levels.

You collected 142 gold pieces.

Inventory:

Hand Weapons
 a - a +0 hand axe (weapon)
Missiles
 i - 10 poisoned darts (quivered)
Armour
 b - a +0 robe
 e - a +0 ring mail (worn)
Scrolls
 c - a scroll of acquirement {unknown}
 d - a scroll of holy word {unknown}
 f - a scroll of enchant armour {unknown}
 g - a scroll of teleportation {unknown}
Potions
 h - a potion of cancellation {unknown}
 j - a potion of berserk rage {unknown}
 k - a potion of lignification {unknown}


   Skills:
 + Level 5.1 Fighting
 * Level 7.0 Axes
 - Level 2.4 Dodging
 - Level 1.5 Stealth


You had 4 spell levels left.
You didn't know any spells.
Your spell library contained the following spells:

 Spells                   Type           Power      Damage    Failure   Level
 Corona                   Hex            0%         N/A       56%         1
 Ensorcelled Hibernation  Hex/Ice        0%         N/A       71%         2
 Tukima's Dance           Hex            0%         N/A       91%         3


Dungeon Overview and Level Annotations

Branches:
Dungeon (3/15)

Altars:
Beogh

Shops:
D:1 :

Annotations:
D:2 1 runed translucent door, Crazy Yiuf, Terence


Innate Abilities, Weirdness & Mutations

Your muscles are strong. (Str +2)


Message History

You barely miss the hound.
The hound is moderately wounded.
The hound bites you but does no damage.
You miss the hound.
The hound is moderately wounded.
The hound bites you. The hound barely misses you.
You barely miss the hound.
The hound is moderately wounded.
The hound closely misses you.
You hit the jelly.
Your hands burn!
The jelly is lightly wounded.
You hit the hound. The hound barely misses you.
The jelly hits you but does no damage. The hound bites you but does no damage.
You hit the jelly but do no damage.
Your hands burn!
The jelly is lightly wounded.
You barely miss the hound. The hound bites you but does no damage.
The jelly hits you.
You are splashed with acid.
You hit the jelly. The acid corrodes you!
Your hands burn!
The jelly is moderately wounded.
You miss the hound. The hound barely misses you. The jelly closely misses you.
The hound bites you but does no damage.
You completely miss the jelly.
The jelly is moderately wounded.
You closely miss the hound. The jelly hits you.
You are splashed with acid!
* * * LOW HITPOINT WARNING * * *
The hound bites you.
* * * LOW HITPOINT WARNING * * *
The hound bites you.
* * * LOW HITPOINT WARNING * * *
The hound barely misses you. The hound closely misses you.
The hound barely misses you.
The hound stops to sniff the ground.
The hound bites you but does no damage. The hound bites you.
* * * LOW HITPOINT WARNING * * *
The hound barely misses you.
You are no longer corroded.
The hound bites you.
You die...

......#..
....(.#># ###
........# ..#
#....## #.# #...
#.# ##### #..> #.#
#...#######... #.#
#.............
#@###...#######..#
#.h.J..## #..#
######## #..# #..#
#..# #... #.##
#.## #...


You could see a hound and a jelly.

Vanquished Creatures
  An ogre (D:6)
  Jessica (D:3)
  4 adders
  A dart slug (D:3)
  6 bats
  2 endoplasms
  A giant cockroach (D:1)
  11 goblins
  7 hobgoblins
  2 ball pythons (D:1)
  4 frilled lizards
  2 kobolds
  4 rats
46 creatures vanquished.

Vanquished Creatures (others)
  An orc wizard (D:6)
  6 orcs (D:6)
7 creatures vanquished.

Grand Total: 53 creatures vanquished

Notes
Turn   | Place    | Note
-------+----------+-------------------------------------------
     0 | D:1      | rabbitsville the Hill Orc Monk began the quest for the Orb.
     0 | D:1      | Reached XP level 1. HP: 19/19 MP: 1/1
   107 | D:1      | Reached XP level 2. HP: 18/27 MP: 2/2
   325 | D:1      | Found Nareten's Book Emporium.
   634 | D:1      | Found a faded altar of an unknown god.
   756 | D:1      | Reached skill level 5 in Axes
   756 | D:1      | Reached XP level 3. HP: 19/33 MP: 3/3
  1216 | D:2      | Reached XP level 4. HP: 41/41 MP: 4/4
  1380 | D:2      | Found a runed translucent door.
  1381 | D:2      | Noticed Crazy Yiuf
  1490 | D:2      | Noticed Terence
  1526 | D:2      | HP: 1/41 [Terence (12)]
  1527 | D:2      | Gained mutation: Your muscles are strong. (Str +2) [potion
                  | of mutation]
  1905 | D:3      | Reached skill level 6 in Axes
  1985 | D:3      | Noticed Jessica
  1993 | D:3      | Killed Jessica
  2111 | D:3      | You fall into a shaft and drop 3 floors!
  2111 | D:6      | Noticed an orc warrior
  2111 | D:6      | Noticed an orc warrior
  2111 | D:6      | Noticed an orc warrior
  2112 | D:6      | Became a worshipper of Beogh the Brigand
  2112 | D:6      | Reached * piety under Beogh
  2112 | D:6      | Reached ** piety under Beogh
  2118 | D:6      | Noticed an ogre
  2125 | D:6      | Found a roughly hewn altar of Beogh.
  2141 | D:6      | Killed an ogre
  2142 | D:6      | Reached skill level 5 in Fighting
  2142 | D:6      | Reached skill level 7 in Axes
  2142 | D:6      | Reached XP level 5. HP: 24/48 MP: 5/5
  2312 | D:6      | Found a runed translucent door.
  2373 | D:6      | Slain by a hound

Illustrated notes

Levels and vault maps discovered:
D:1:      mushboom_english_gardens, layout_rooms,
          shapermc_ecumenical_altar_mp_highgroup, serial_shops,
          nicolae_square_shop, minivault_23
D:2:      kennysheep_the_goblin_king, layout_rooms, st_stairs_9, uniq_terence,
          uniq_crazy_yiuf_cottage
D:3:      layout_loops_ring, minmay_misc_feat_diagonals, uniq_jessica
D:6:      layout_loops_ring, minmay_temple_entry_proselytizer,
          hangedman_decor_lopped, minmay_misc_feat_encased,
          lightli_church_of_beogh

Skill      XL: |  1  2  3  4 |
---------------+-------------+-----
Fighting       | 4 5 |  5.1
Axes           | 5 7 |  7.0
Dodging        | |  2.4
Stealth        | |  1.5

Action                   |  1- 3 |  4- 6 || total
-------------------------+-------+-------++-------
Melee: Hand axe          |    77 |    64 ||   141
Throw: Dart              |       |     2 ||     2
Invok: Convert to Beogh  |       |     1 ||     1
  Use: Potion            |       |     1 ||     1
 Stab: Sleeping          |     1 |       ||     1
Armor: Robe              |     3 |       ||     3
       Ring mail         |    26 |    31 ||    57
Dodge: Dodged            |    58 |    44 ||   102

Table legend: (Time is in decaauts)
 A = Elapsed time spent in this place.
 B = Non-inter-level travel time spent in this place.
 C = Inter-level travel time spent in this place.
 D = Time resting spent in this place.
 E = Time spent auto-exploring this place.
 F = Levels seen in this place.
 G = Mean time per level.
                   A        B        C        D        E       F      G
               +--------+--------+--------+--------+--------+-----+--------+
         Total |   2376 |   2326 |     50 |    842 |    843 |   4 |  594.0 |
       Dungeon |   2376 |   2326 |     50 |    842 |    843 |   4 |  594.0 |
               +--------+--------+--------+--------+--------+-----+--------+

Top non-repeatable levels by time:
     D:1: 919 daAuts
     D:2: 639 daAuts
     D:3: 556 daAuts
     D:6: 261 daAuts
